 Dungeon Crawl Stone Soup version 0.19.1 (webtiles) character file.

186 M4edhros the Insei (level 5, 0/31 HPs)
             Began as an Octopode Necromancer on Dec 23, 2016.
             Was a Follower of Cheibriados.
             Succumbed to a gnoll's poison
             ... on level 5 of the Dungeon.
             The game lasted 00:09:11 (1870 turns).

M4edhros the Insei (Octopode Necromancer)           Turns: 1870, Time: 00:09:12

Health: 0/31       AC:  1    Str:  9    XL:     5   Next: 66%
Magic:  1/8        EV: 16    Int: 20    God:    Cheibriados [*.....]
Gold:   146        SH:  0    Dex: 15    Spells: 3 memorised, 3 levels left

rFire  . . .     SeeInvis .       - Unarmed
rCold  . . .     Gourm    .     (no shield)
rNeg   . . .     Faith    .     (helmet restricted)
rPois  .         Spirit   .     i - amulet of regeneration
rElec  .         Reflect  .     o - +3 ring of evasion
rCorr  .         Harm     .     (no ring)
MR     .....                    (no ring)
Stlth  ++++......               (no ring)
                                (no ring)
                                (no ring)
                                (no ring)
                                (no ring)

@: lethally poisoned (0 -> -15), about to teleport, very slow
A: almost no armour, stealthy swim, amphibious, 8 rings, constrict 8, camouflage
1, gelatinous body 1
a: Bend Time, Renounce Religion


You were on level 5 of the Dungeon.
You worshipped Cheibriados.
Cheibriados was aware of your devotion.
You were not hungry.

You visited 2 branches of the dungeon, and saw 6 of its levels.

You collected 146 gold pieces.

Inventory:

Hand Weapons
 n - a +0 blowgun
 p - a +3 dagger of electrocution
Missiles
 k - 33 poisoned needles
Armour
 c - a +0 shield
Jewellery
 i - an amulet of regeneration (around mantle)
 o - a +3 ring of evasion (left tentacle)
 q - an uncursed amulet of magic regeneration
Scrolls
 d - a scroll of noise {unknown}
 e - 2 scrolls of teleportation
 h - a scroll of immolation {unknown}
 l - a scroll of random uselessness {unknown}
 m - 2 scrolls of amnesia {unknown}
Potions
 f - a potion of ambrosia {unknown}
 j - 2 potions of brilliance
Books
 a - a book of Necromancy

   Spells                             Type                      Level
   a - Pain                           Necromancy                   1
   b - Animate Skeleton               Necromancy                   1
   c - Vampiric Draining              Necromancy                   3
   d - Regeneration                   Charms/Necromancy            3
   e - Animate Dead                   Necromancy                   4
   f - Control Undead                 Necromancy                   4
Comestibles
 b - 2 bread rations
 g - 3 meat rations


   Skills:
 - Level 2.0 Dodging
 + Level 4.1 Stealth
 + Level 4.6 Unarmed Combat
 - Level 2.0 Spellcasting
 - Level 4.0 Necromancy


You had 3 spell levels left.
You knew the following spells:

 Your Spells              Type           Power        Failure   Level  Hunger
a - Pain                  Necr           ###.         2%          1    #......
b - Animate Skeleton      Necr           N/A          2%          1    #......
c - Regeneration          Chrm/Necr      ##........   21%         3    ###....


Dungeon Overview and Level Annotations

Branches:
Dungeon (5/15)             Temple (1/1) D:4

Altars:
Cheibriados
Makhleb
Trog

Annotations:
D:3 Nakatomy's ghost, amateur DEFE
D:4 Edmund


Innate Abilities, Weirdness & Mutations

You cannot wear most types of armour.
You are very stealthy in the water. (Stealth+)
You are amphibious.
You can wear up to eight rings at the same time.
You can use your tentacles to constrict eight enemies at once.
Your skin changes colour to match your surroundings (Stealth+).
Your rubbery body absorbs attacks. (AC +1, EV +1)


Message History

Confirm with . or Enter, or press ? or * to list all spells.
Aiming: Pain
Press: ? - help, Shift-Dir - straight line, f/p - gnoll
Aim: a gnoll, wielding a spear of venom (heavily wounded, chance to defeat MR: 84%)
The gnoll writhes in agony!
You feel sick.
The gnoll hits you from afar with a spear of venom.
* * * LOW HITPOINT WARNING * * *
You are lethally poisoned!
Okay, then.
You aren't carrying any items that you can evoke.
As you read the scroll of teleportation, it crumbles to dust.
You feel strangely unstable.
* * * LOW HITPOINT WARNING * * *
You feel sick. The gnoll closely misses you.
* * * LOW HITPOINT WARNING * * *
You feel sick.
The gnoll hits you from afar with a spear of venom.
* * * LOW HITPOINT WARNING * * *
You are more poisoned.
You die...

#.. ..# #. #.# ... #. #.#
..## #. #. #.# ... #.# #.
#.# ..# #.# #.## #.# ..#
##.## #..# #.#########..#
..[.#####.####....)g5.....#
................@#######..#
........#.######.# ..#
...>###...# #.# #.# ....#
##..... ... .g #.### ##.###
#.##


.gg #.# #.# ... ..g #.# #.# ... ...# #.# #.# ... #.####### You could see a gnoll
and a crimson imp.

Vanquished Creatures
  A centaur skeleton (D:4)
  A hound (D:4)
  3 gnolls
  2 adders (D:2)
  A worm (D:2)
  3 dart slugs
  A leopard gecko (D:1)
  2 orcs (D:3)
  5 bats
  A giant cockroach (D:3)
  5 goblins
  3 hobgoblins
  4 frilled lizards
  9 kobolds
  8 rats
49 creatures vanquished.

Vanquished Creatures (collateral kills)
  Ijyb (D:2)
  An adder (D:2)
2 creatures vanquished.

Grand Total: 51 creatures vanquished

Notes
Turn   | Place    | Note
-------+----------+-------------------------------------------
     0 | D:1      | M4edhros the Octopode Necromancer began the quest for the Orb.
     0 | D:1      | Reached XP level 1. HP: 11/11 MP: 3/3
    64 | D:1      | Reached skill level 1 in Unarmed Combat
    94 | D:1      | Reached XP level 2. HP: 7/17 MP: 5/5
    98 | D:1      | Learned a level 1 spell: Animate Skeleton
   367 | D:1      | Reached XP level 3. HP: 2/21 MP: 0/6
   372 | D:1      | Learned a level 3 spell: Regeneration
   637 | D:4      | Found a staircase to the Ecumenical Temple.
   650 | Temple   | Entered the Ecumenical Temple
   659 | Temple   | Became a worshipper of Cheibriados the Contemplative
   888 | D:4      | Noticed Edmund
   945 | D:3      | Noticed Nakatomy's ghost (amateur DEFE)
   953 | D:3      | HP: 1/21 [Nakatomy's ghost/puff of flame (11)]
  1048 | D:2      | Noticed Ijyb
  1269 | D:2      | Reached XP level 4. HP: 25/27 MP: 2/7
  1305 | D:2      | Killed Ijyb
  1356 | D:2      | Found a bloodstained altar of Trog.
  1550 | D:1      | Reached * piety under Cheibriados
  1732 | D:4      | Reached XP level 5. HP: 31/31 MP: 8/8
  1788 | D:5      | Entered Level 5 of the Dungeon
  1869 | D:5      | HP: 1/31 [gnoll/spear of venom (4)]
  1870 | D:5      | Succumbed to a gnoll's poison

Skill      XL: |  1  2  3  4  5 |
---------------+----------------+-----
Unarmed Combat | 1 2 3 4 |  4.6
Stealth        | 3 4 |  4.1
Dodging        | |  2.0
Spellcasting   | |  2.0
Necromancy     | |  4.0

Action                   |  1- 3 |  4- 6 || total
-------------------------+-------+-------++-------
Melee: Unarmed           |    58 |    32 ||    90
       Constrict         |    17 |     7 ||    24
       Tentacles         |     6 |     5 ||    11
       Punch             |     1 |     1 ||     2
 Cast: Pain              |    43 |    13 ||    56
       Animate Skeleton  |     9 |     6 ||    15
       Regeneration      |     4 |     1 ||     5
  Use: Scroll            |     1 |     4 ||     5
 Stab: Sleeping          |     5 |     5 ||    10
       Distracted        |       |     1 ||     1
  Eat: Chunk             |     3 |     2 ||     5
Armor: Skin              |    13 |     1 ||    14
Dodge: Dodged            |    53 |    25 ||    78
